Map: Blueshift LE

Players

PurpleAzn

  • Race: Protoss Protoss
  • League: Diamond
  • Spawn Location: 7:00

MonstroTown

  • Race: Protoss Protoss
  • Spawn Location: 1:00

Sariel

  • Race: Zerg Zerg
  • League: Diamond

Michael

  • Race: Zerg Zerg

VOD

Have the link to the VOD?

Description

Time

  • Played on: Aug. 25, 2018, 5:30 p.m.
  • Length: 3:24
Show
View Real Time Build Order
Export as new Build Order

PurpleAzn Protoss 

Build Orders:  

Get SALT Encoding   

  12  0:00  Probe  
  13  0:13  Probe  
  14  0:21  Pylon  
  14  0:25  Probe  
  15  0:35  Probe  
  15  0:41  Forge  
  16  0:43  Probe  
  17  0:53  Probe  
  18  1:10  Probe  
  19  1:22  Probe, Pylon  
  19  1:24  Gateway  
  20  1:26  Assimilator  
  20  1:34  Probe, Pylon  
  21  1:42  Photon Cannon  
  21  1:48  Photon Cannon  
  21  2:03  Photon Cannon  
  21  2:21  Photon Cannon  
  21  2:23  Photon Cannon  
  20  2:45  Probe, Cybernetics Core  
  20  2:48  Assimilator  
  21  2:58  Probe  
  22  3:06  Nexus  
Show
View Real Time Build Order
Export as new Build Order

MonstroTown Protoss 

Build Orders:  

Get SALT Encoding   

  12  0:01  Drone  
  13  0:13  Overlord  
  13  0:16  Drone  
  14  0:31  Drone x2  
  14  0:35  Drone  
  17  0:59  Drone x2  
  17  1:00  Hatchery  
  17  1:03  Extractor  
  17  1:16  Spawning Pool  
  16  1:20  Drone  
  16  1:23  Drone  
  18  1:30  Drone  
  19  1:39  Drone  
  20  1:49  Overlord  
  20  2:03  Queen  
  22  2:12  Queen  
  22  2:13  Zergling x2  
  22  2:14  Zergling x2  
  26  2:17  Zergling x2  
  27  2:35  Roach Warren  
  24  2:53  Drone x2, Zergling x2  
  25  3:04  Overlord  
  25  3:05  Overlord  
Show
View Real Time Build Order
Export as new Build Order

Sariel Zerg 

Build Orders:  

Get SALT Encoding   

Show
View Real Time Build Order
Export as new Build Order

Michael Zerg 

Build Orders:  

Get SALT Encoding   

Tags
 
Add a new tag
Caveats
  • Supply blocks, unpowered buildings, or Contaminate may cause inaccurate times.
  • Supply counts are checked every 10 seconds.